 Dungeon Crawl Stone Soup version 0.29.1-2-gbd0b4ee654 (webtiles) character file.

Game seed: 16515593513198548516

16 qeuew the Ducker (level 2, 0/34 HPs)
             Began as a Merfolk Gladiator on Nov 10, 2022.
             Slain by a kobold
             ... wielding a +0 whip
              (2 damage)
             ... on level 1 of the Dungeon.
             The game lasted 00:00:31 (194 turns).

qeuew the Ducker (Merfolk Gladiator)                 Turns: 194, Time: 00:00:31

Health: 0/34       AC: 21    Str: 14    XL:     2   Next: 54%
Magic:  2/2        EV:  2    Int:  7    God:
Gold:   14         SH:  0    Dex: 15    Spells: 1/1 levels left

rFire   . . .      SeeInvis .   a - +0 trident
rCold   . . .      Faith    .   (no shield)
rNeg    . . .      Spirit   .   (body armour currently unavailable)
rPois   +          Reflect  .   (helmet currently unavailable)
rElec   .          Harm     .   (cloak currently unavailable)
rCorr   .          Rampage  .   (gloves currently unavailable)
Will    .....      NoTele   +   (boots currently unavailable)
Stlth   +.........              (no amulet)
HPRegen 0.11/turn               (no ring)
MPRegen 0.08/turn               (no ring)

@: tree-form
A: stationary, stasis, torment immunity, boosted hp, (nimble swimmer 2),
(mertail)
a: no special abilities


You were on level 1 of the Dungeon.
You were a tree.
You visited 1 branch of the dungeon, and saw 1 of its levels.

You collected 14 gold pieces.

Inventory:

Hand Weapons
 a - a +0 trident (weapon)
Missiles
 d - 3 throwing nets (quivered)
 e - a javelin
Armour
 b - a +0 leather armour (melded)
 c - a +0 helmet (melded)
Scrolls
 g - a scroll of teleportation {unknown}
 h - 2 scrolls of identify {unknown}
Potions
 f - a potion of lignification


   Skills:
 + Level 2.4 Fighting
 + Level 4.2 Polearms
 + Level 2.2 Throwing
 + Level 0.4 Armour
 + Level 4.2 Dodging


You had one spell level left.
You didn't know any spells.
Your spell library was empty.

Dungeon Overview and Level Annotations

Branches:
Dungeon (1/15)

Altars:

Portals:
Abyss: D:1***


Innate Abilities, Weirdness & Mutations

You are a tree.
Your roots penetrate the ground, keeping you stationary.
You cannot be teleported.
You are immune to unholy pain and torment.
Your maximum health is greatly increased.
Your equipment is partially melded.
((You are very nimble when in or above water. (Stealth+, EV+, Speed+++)))
((Your lower body shifts to a powerful aquatic tail in water.))


Message History

The kobold is moderately wounded.
The jackal barely misses you. The quokka barely misses you.
The kobold hits you with a +0 whip. The kobold hits you with a +0 club.
The jackal barely misses you.
You closely miss the kobold.
The kobold is moderately wounded.
The quokka misses you. The kobold hits you but does no damage.
The kobold hits you with a +0 club.
The jackal bites you but does no damage.
The quokka bites you.
You hit the kobold.
You kill the kobold!
The jackal closely misses you. The kobold closely misses you.
The quokka closely misses you.
You hit the quokka.
You kill the quokka!
The kobold hits you but does no damage.
You closely miss the kobold. The jackal closely misses you. x2
The kobold hits you but does no damage. The jackal bites you.
You are too injured to fight recklessly!
You are too injured to fight recklessly!
You are too injured to fight recklessly!
You are too injured to fight recklessly!
You are too injured to fight recklessly!
You are too injured to fight recklessly!
You are too injured to fight recklessly!
You are too injured to fight recklessly!
You are too injured to fight recklessly!
You are too injured to fight recklessly!
The jackal attacks as you move away!
The jackal bites you but does no damage.
The kobold attacks as you move away! The kobold hits you with a +0 whip.
* * * LOW HITPOINT WARNING * * *
The kobold attacks as you move away! The kobold hits you with a +0 whip.
* * * LOW HITPOINT WARNING * * *
It was a potion of lignification.
You turn into a tree.
Your +0 helmet melds into your body.
Your +0 leather armour melds into your body.
Your roots penetrate the ground.
The kobold hits you with a +0 whip.
You die...

........## . .........#
#..........
....#..#..###.........##
........#..............#
.####. ...#......$...###
.#####..###...............
.....##..###..[...........
.....###..####>).h)$$.....
.....).)>.......♣Kh...$...
.....#..........##†.......
..................h.......
.####............###......
.. #............# ......
.. ##..........## ...... .
##...##.(.## .....
########## ..... ####


You could see 2 jackals and a kobold.

Vanquished Creatures
  2 endoplasms (D:1)
  2 giant cockroaches (D:1)
  A hobgoblin (D:1)
  A quokka (D:1)
  A ball python (D:1)
  2 bats (D:1)
  4 kobolds (D:1)
  A rat (D:1)
14 creatures vanquished.

Notes
Turn   | Place    | Note
-------+----------+-------------------------------------------
     0 | D:1      | qeuew the Merfolk Gladiator began the quest for the Orb.
     0 | D:1      | Reached XP level 1. HP: 16/16 MP: 1/1
   102 | D:1      | Reached XP level 2. HP: 23/23 MP: 2/2
   193 | D:1      | HP: 1/23 [kobold/+0 whip (3)]
   194 | D:1      | Slain by a kobold

Illustrated notes

Levels and vault maps discovered:
D:1:      minmay_arrival_glassed_features, layout_rooms

Action                   || total
-------------------------++-------
Melee: Trident           ||    50
       Punch             ||     1
  Use: Potion            ||     1
 Stab: Sleeping          ||     1
Armor: Leather armour    ||    20
Dodge: Dodged            ||    44
